 Dungeon Crawl Stone Soup version 0.30-a0-1008-g30c9307041 (webtiles) character file.

Game seed: 1557205927769807178

31 hwolsky the Digger (level 3, 0/31 HPs)
             Began as a Troll Earth Elementalist on Apr 5, 2023.
             Slain by Terence
             ... wielding a +2 mace of holy wrath
              (9 damage)
             ... on level 2 of the Dungeon.
             The game lasted 00:06:51 (1229 turns).

hwolsky the Digger (Troll Earth Elementalist)       Turns: 1229, Time: 00:06:51

Health: 0/31       AC:  5    Str: 18    XL:     3   Next: 7%
Magic:  0/4        EV: 10    Int: 11    God:
Gold:   63         SH:  0    Dex: 10    Spells: 1/4 levels left

rFire   . . .      SeeInvis .    (no weapon)
rCold   . . .      Faith    .    (no shield)
rNeg    . . .      Spirit   .    c - +1 robe
rPois   .          Reflect  .    (helmet restricted)
rElec   .          Rampage  .    (no cloak)
rCorr   .                        (gloves unavailable)
Will    .....                    (boots unavailable)
Stlth   +                        (no amulet)
HPRegen 1.05/turn                (no ring)
MPRegen 0.09/turn                (no ring)

@: weak-willed
A: large, unfitting armour, claws 3, regeneration 1, shaggy fur 1, tough skin 1
a: no special abilities


You were on level 2 of the Dungeon.
You visited 1 branch of the dungeon, and saw 2 of its levels.

You collected 63 gold pieces.

Inventory:

Hand Weapons
 d - a +0 hand axe
Armour
 a - a +0 robe
 c - a +1 robe (worn)
 h - a +0 plate armour
 k - a +0 pair of gloves
Jewellery
 j - a +6 ring of intelligence
Potions
 b - a potion of magic
 e - a potion of curing


   Skills:
 + Level 1.8 Dodging
 - Level 1.1 Stealth
 + Level 1.4 Spellcasting
 * Level 1.2 Transmutations
 * Level 3.0 Earth Magic


You had one spell level left.
You knew the following spells:

 Your Spells              Type           Power      Damage    Failure   Level
a - Sandblast             Erth           14%        2d6       9%          1
b - Passwall              Tmut/Erth      4%         N/A       19%         2

Your spell library contained the following spells:

 Spells                   Type           Power      Damage    Failure   Level
 Stone Arrow              Conj/Erth      8%         3d7       45%         3
 Petrify                  Tmut/Erth      5%         N/A       77%         4


Dungeon Overview and Level Annotations

Branches:
Dungeon (2/15)

Altars:

Shops:
D:2 [

Annotations:
D:2 Terence


Innate Abilities, Weirdness & Mutations

You are too large for most types of armour.
You have claws for hands.
Your natural rate of healing is unusually fast.
You are covered in fur. (AC +1)
You have tough skin. (AC +1)


Message History

A quokka comes into view.
The quokka barely misses you.
There is an open door here.
You scratch the quokka.
The quokka is almost dead.
The quokka barely misses you.
You closely miss the quokka.
The quokka is almost dead.
The quokka bites you but does no damage.
You scratch the quokka.
You kill the quokka!
Terence looks scornfully at you.
Casting: Passwall (safe; 19% risk of failure)
Confirm with . or Enter, or press ? or * to list all spells.
Aiming: Passwall (safe; 19% risk of failure)
Press: ? - help, Dir - move target A rock wall.
This rock feels extremely deep.
Casting: Passwall (safe; 19% risk of failure)
Confirm with . or Enter, or press ? or * to list all spells.
You don't have enough magic to cast this spell.
There is an open door here.
You scratch Terence.
Terence is moderately wounded.
Terence hits you with a +2 mace of holy wrath!
You scratch Terence.
Terence is moderately wounded.
Terence misses you.
You scratch Terence but do no damage.
Terence is moderately wounded.
Terence screams, "I want your blood!"
Terence hits you with a +2 mace of holy wrath!
You closely miss Terence.
Terence is moderately wounded.
Terence hits you with a +2 mace of holy wrath!
* * * LOW HITPOINT WARNING * * *
You claw Terence!
Terence is severely wounded.
Terence hits you with a +2 mace of holy wrath!
You die...

####..############
#...>....†...<# r#
#.########..### .#
#.....#.....# .#
#####.#.....# .#
#.####### .#
#.<...# .#
##############.#
#.'..>..∩.@@r..#
#.#####.#####..#
#.# ...# #.. ..###
..##### ..# .#.#
.#.#


You could see Terence and a rat.

Vanquished Creatures
  A dart slug (D:2)
  2 ball pythons (D:1)
  5 bats
  2 endoplasms (D:1)
  2 giant cockroaches (D:1)
  A goblin (D:1)
  3 kobolds (D:1)
  3 quokkas
  3 frilled lizards (D:1)
  3 rats (D:1)
25 creatures vanquished.

Vanquished Creatures (others)
  2 fungi (D:1)
2 creatures vanquished.

Grand Total: 27 creatures vanquished

Notes
Turn   | Place    | Note
-------+----------+-------------------------------------------
     0 | D:1      | hwolsky the Troll Earth Elementalist began the quest for
                  | the Orb.
     0 | D:1      | Reached XP level 1. HP: 16/16 MP: 1/1
   349 | D:1      | Reached XP level 2. HP: 24/24 MP: 0/3
   355 | D:1      | Reached skill level 1 in Transmutations
   528 | D:1      | Reached skill level 3 in Earth Magic
  1116 | D:2      | Found Peynextu's Antique Armour Shop.
  1116 | D:2      | Noticed Terence
  1119 | D:2      | Reached XP level 3. HP: 31/31 MP: 1/4
  1146 | D:2      | Learned a level 2 spell: Passwall
  1229 | D:2      | Slain by Terence

Illustrated notes

Levels and vault maps discovered:
D:1:      dpeg_cavernosity, layout_loops_ring, minmay_pentomino_u2
D:2:      layout_basic, serial_shops, nicolae_shop_hallway_stairs, uniq_terence,
          uniq_crazy_yiuf_cottage

Skill      XL: |  1  2 |
---------------+-------+-----
Transmutations | 1 |  1.2
Earth Magic    | 3 |  3.0
Dodging        | |  1.8
Stealth        | |  1.1
Spellcasting   | |  1.4

Action                     || total
---------------------------++-------
  Melee: Unarmed           ||    55
   Cast: Sandblast         ||    18
         Passwall          ||     3
    Use: Scroll            ||     8
         Potion            ||     1
 Armour: Robe              ||    18
  Dodge: Dodged            ||    28

Table legend: (Time is in decaauts)
 A = Elapsed time spent in this place.
 B = Non-inter-level travel time spent in this place.
 C = Inter-level travel time spent in this place.
 D = Time resting spent in this place.
 E = Time spent auto-exploring this place.
 F = Levels seen in this place.
 G = Mean time per level.
                   A        B        C        D        E       F      G
               +--------+--------+--------+--------+--------+-----+--------+
         Total |   1237 |   1149 |     88 |     20 |    752 |   2 |  618.5 |
       Dungeon |   1237 |   1149 |     88 |     20 |    752 |   2 |  618.5 |
               +--------+--------+--------+--------+--------+-----+--------+

Top non-repeatable levels by time:
     D:1: 1082 daAuts
     D:2: 155 daAuts
